 Dungeon Crawl Stone Soup version 0.30-a0-883-g5ad918d77d (webtiles) character file.

Game seed: 547935954721915472

70431 IdlyInterested the Carver (level 14, -2/110 HPs)
             Began as a Demonspawn Gladiator on Mar 17, 2023.
             Killed from afar by a lindwurm (47 damage)
             ... with a blast of flame
             ... on level 5 of the Lair of Beasts.
             The game lasted 01:42:44 (23164 turns).

IdlyInterested the Carver (Demonspawn Gladiator)   Turns: 23164, Time: 01:42:44

Health: -2/110     AC: 19    Str: 17    XL:     14   Next: 94%
Magic:  23/23      EV: 19    Int: 19    God:
Gold:   1986       SH:  5    Dex: 32    Spells: 25/25 levels left

rFire   . . .      SeeInvis +    F - +10 scimitar "Deunlu Rol" {speed, Dex+6}
rCold   + . .      Faith    .    (no shield)
rNeg    + . .      Spirit   .    t - +4 ring mail {rC+}
rPois   +          Reflect  +    c - +2 helmet {SInv}
rElec   .          Rampage  .    Z - scarf {+Inv}
rCorr   +                        (no gloves)
Will    +....                    R - +3 pair of boots "Ruahaple" {rCorr Str+3 Int-2}
Stlth   +++++                    y - amulet of reflection
HPRegen 0.38/turn                k - ring of Curiosity {rCorr Dex+6 Stlth+}
MPRegen 0.18/turn                p - ring "Gunux" {rN+ Int+6 Dex+3}

@: studying Fighting
A: molten scales 1, demonic guardian 2, demonic magic 2, demonic touch 2, clever
1, passive freeze, sense surroundings 1, poison resistance
a: Evoke Invisibility


You were on level 5 of the Lair of Beasts.
You visited 3 branches of the dungeon, and saw 21 of its levels.
You also visited: Bailey and Volcano.

You collected 2760 gold pieces.
You spent 774 gold pieces at shops.

Inventory:

Hand Weapons
 f - a +1 short sword of speed
 j - a +4 scimitar of flaming
 u - the +6 long sword "Qugan" {elec, Will+ Str+3 Dex+3}
   (You found it in a bailey)

   Str:       It affects your strength (+3).
   Dex:       It affects your dexterity (+3).
   Will:      It increases your willpower.
 F - the +10 scimitar "Deunlu Rol" (weapon) {speed, Dex+6}
   (You bought it in a shop on level 2 of the Dungeon)

   Dex:       It affects your dexterity (+6).
 U - a +0 rapier
Missiles
 b - 11 boomerangs (quivered)
 d - 3 throwing nets
 e - 9 javelins
 h - 3 silver javelins
 B - 3 boomerangs of dispersal
 E - 10 curare-tipped darts
Armour
 c - a +2 helmet of see invisible (worn)
 g - a +3 chain mail of fire resistance
 t - a +4 ring mail of cold resistance (worn)
 R - the +3 pair of boots "Ruahaple" (worn) {rCorr Str+3 Int-2}
   (You found it in a volcano)

   Str:       It affects your strength (+3).
   Int:       It affects your intelligence (-2).
   rCorr:     It protects you from acid and corrosion.
 Z - a scarf of invisibility (worn)
Jewellery
 k - the ring of Curiosity (left hand) {rCorr Dex+6 Stlth+}
   (You acquired it on level 3 of the Dungeon)

   [ring of dexterity]

   Dex:       It affects your dexterity (+6).
   rCorr:     It protects you from acid and corrosion.
   Stlth:     It makes you more stealthy.
 m - a ring of ice
 p - the ring "Gunux" (right hand) {rN+ Int+6 Dex+3}
   (You found it on level 14 of the Dungeon)

   [ring of intelligence]

   Int:       It affects your intelligence (+6).
   Dex:       It affects your dexterity (+3).
   rN:        It protects you from negative energy.
 y - an amulet of reflection (around neck)
 C - a ring of protection from fire
Wands
 v - a wand of iceblast (16)
 J - a wand of polymorph (4)
 M - a wand of digging (7)
 Q - a wand of flame (13)
 S - a wand of charming (12)
Scrolls
 q - 6 scrolls of fog
 x - 4 scrolls of vulnerability
 A - 10 scrolls of teleportation
 H - a scroll of magic mapping
 K - 11 scrolls of identify
 L - 4 scrolls of enchant armour
 N - 3 scrolls of enchant weapon
 O - 3 scrolls of fear
 V - 4 scrolls of amnesia
 W - 3 scrolls of blinking
Potions
 a - 4 potions of haste
 i - 3 potions of berserk rage
 l - 2 potions of brilliance
 n - a potion of resistance
 o - 2 potions of flight
 r - 3 potions of might
 w - 2 potions of cancellation
 z - a potion of experience
 G - a potion of mutation
 I - 5 potions of magic
 T - 5 potions of curing
 X - 2 potions of invisibility
Miscellaneous
 D - a box of beasts
 P - a lightning rod (4/4)
 Y - a tin of tremorstones (2/2)


   Skills:
 - Level 10.0 Fighting
 + Level 11.8(14.6) Short Blades
 - Level 14.0(15.6) Long Blades
 - Level 4.0 Throwing
 - Level 4.0 Armour
 * Level 8.0 Dodging
 - Level 6.0 Stealth
 - Level 7.0 Unarmed Combat
 - Level 6.0 Spellcasting
 - Level 6.0 Evocations


You had 25 spell levels left.
You didn't know any spells.
Your spell library contained the following spells:

 Spells                   Type           Power      Damage    Failure   Level
 Kiss of Death            Conj/Necr      20%        2d7       19%         1
 Sandblast                Erth           10%        2d5       19%         1
 Shock                    Conj/Air       20%        1d4       19%         1
 Ensorcelled Hibernation  Hex/Ice        10%        N/A       28%         2
 Passwall                 Tmut/Erth      4%         N/A       28%         2
 Static Discharge         Conj/Air       10%        2-3/arc   28%         2
 Sublimation of Blood     Necr           5%         N/A       28%         2
 Wereblood                Tmut           5%         N/A       28%         2
 Confusing Touch          Hex            5%         N/A       50%         3
 Summon Guardian Golem    Hex/Summ       5%         N/A       50%         3
 Swiftness                Air            5%         N/A       50%         3
 Vhi's Electric Charge    Tloc/Air       10%        N/A       50%         3
 Airstrike                Air            2%         2d(1-17)  88%         4
 Animate Armour           Summ/Erth      10%        N/A       88%         4
 Dispel Undead            Necr           5%         3d7       88%         4
 Arcjolt                  Conj/Air       2%         1d12      99%         5
 Lightning Bolt           Conj/Air       2%         1d14      99%         5
 Yara's Violent Unravell  Hex/Tmut       2%         3d3       99%         5
 Enfeeble                 Hex            2%         N/A       100%        7
 Summon Hydra             Summ           2%         N/A       100%        7


Dungeon Overview and Level Annotations

Branches:
Dungeon (15/15)            Temple (1/1) D:4            Lair (5/5) D:10
  Swamp (0/4) Lair:3        Snake (0/4) Lair:3        Slime (0/5) Lair:4
    Orc (0/2) D:10         Vaults (0/5) D:13         Depths (0/4) D:15
 Bailey (visited)         Volcano (visited)

Altars:
Ashenzari
Cheibriados
Dithmenos
Fedhas
Gozag
Hepliaklqana
Kikubaaqudgha
Makhleb
Nemelex Xobeh
Okawaru
Qazlal
Ru
Sif Muna
Trog
Uskayaw
Vehumet
Wu Jian
Xom
Yredelemnul
Jiyva

Shops:
D:2 (   D:6 [![   D:15 ?

Annotations:
Lair:5 3 runed translucent doors


Innate Abilities, Weirdness & Mutations

You are partially covered in molten scales. (AC +2)
A demonic guardian rushes to your aid.
Spells you cast may paralyse nearby enemies.
Your touch may inflict irresistible damage on your foes.
Your mind is acute. (Int +4, Str/Dex -1)
A frigid envelope surrounds you and freezes all who hurt you.
You passively map a small area around you.
Your system is resistant to poisons. (rPois)


Message History

The lindwurm is engulfed in a cloud of scalding steam.
The lindwurm breathes flames at you. The blast of flame misses you.
You feel much better. The molten gargoyle closely misses you.
The lindwurm breathes flames at you.
The blast of flame hits the molten gargoyle.
The molten gargoyle completely resists.
The blast of flame hits you!!
* * * LOW HITPOINT WARNING * * *
You hear a roar!
You slash the molten gargoyle!
The molten gargoyle is moderately damaged.
You hear an angry hiss.
You feel much better.
The molten gargoyle blasts magma at you!
The bolt of magma misses you.
You slash the molten gargoyle!
The molten gargoyle is severely damaged.
The molten gargoyle misses you.
You slash the molten gargoyle!
The molten gargoyle is almost destroyed.
You barely miss the molten gargoyle.
You touch the molten gargoyle.
You destroy the molten gargoyle!
The hell hound breathes flames at you. The blast of flame hits you!
The lava snake spits lava at you.
The glob of lava hits you but does no damage.
Training target 7.0 for Unarmed Combat reached!
Your Unarmed Combat skill increases to level 7!
The lava snake barely misses you. The lindwurm breathes flames at you.
The blast of flame hits the lava snake.
The lava snake completely resists.
The blast of flame misses you.
You see here a +0 morningstar.
You miss the lava snake.
A basilisk comes into view.
You slash the lava snake!
You touch the lava snake.
You kill the lava snake!
The lindwurm breathes flames at you. The blast of flame hits you!!!
You die...

#≈≈≈§..........§§§≈#§§§* *,,,,,
.†§§§..........##≈≈≈§#******,,,,,
..†.....≈≈≈≈..#.#≈§§#* *,,,,,,,,
..†....≈≈≈≈≈≈##.§≈≈.##*#*,,,,,,,,
.†.§#§≈≈§§≈§§≈§§.##.8#8#**,,,,,,,
...#§§§######§≈≈...†..## *,,,,,,,
...#≈§##,,,,##§##.....8# ***,,,,,
....≈≈#,,,,,,#§#..†...## *,,,..
....§≈#,,,,,,#§#@.l....#* **....
....#≈#.,....#§§........#***##...
...#§≈#,,....#k≈§≈##......,,#....
*,**~~**,...##.≈≈#h,......,*#....
***~~~~**++**.≈≈.........#*##....
~~**~~*~~,,~.≈≈#......######.....
~~**~**~~,,≈§.≈......#* ###......
~~~***,,~,l###..#...#.* #........
~~**,,,,,,,,*,,**8*******........


You could see a lindwurm (catching breath), a komodo dragon, a basilisk and a
hell hound.

Vanquished Creatures
  Rupert (D:13)
  Gastronok (Lair:2)
  The ghost of Uummannaq the Severer, a journeyman MiFi of Gozag (D:14)
  The ghost of patfeehan111222 the Severer, a journeyman MiBe of Trog (D:12)
  Azrael (D:14)
  Fannar (D:12)
  2 hydras (Lair:3)
  A death knight (D:14)
  5 two-headed ogres
  4 boulder beetles
  A centaur warrior (Volcano)
  2 tengu warriors
  An orc high priest (Bailey)
  A hell knight (Volcano)
  Urug (D:12)
  Nergalle (D:12)
  Sonja (Lair:2)
  Lodul (D:14)
  2 skeletal warriors (D:15)
  2 skysharks (Lair:3)
  A deep troll (Lair:3)
  A phantasmal warrior (D:15)
  A wizard (D:13)
  2 necromancers
  Pikel (D:8)
  An orc knight (Bailey)
  10 ugly things
  3 cyclopes
  3 manticores
  5 elephants (Lair:5)
  4 black mambas
  An ice statue (D:13)
  2 molten gargoyles (Lair:5)
  Maggie (Lair:2)
  14 cane toads
  Psyche (D:8)
  A kobold demonologist (Bailey)
  A yaktaur (Volcano)
  8 komodo dragons
  4 tengu conjurers
  Prince Ribbit (D:8)
  7 trolls
  22 blink frogs
  5 slime creatures
  A spriggan skeleton (D:15)
  A jumping spider (shapeshifter) (D:13)
  5 wraiths
  7 wyverns
  47 yaks
  A shadow (D:11)
  5 neqoxecs (D:14)
  3 basilisks
  5 fire elementals (D:14)
  A basilisk (shapeshifter) (D:14)
  3 steam dragons
  3 human zombies (D:15)
  5 vampire mosquitoes
  4 swamp worms (Lair:3)
  3 acid dragons
  13 water moccasins
  4 hell hounds
  A black bear (D:4)
  3 ice beasts
  3 sky beasts
  15 orc warriors
  A black bear (shapeshifter) (D:13)
  3 wolves (D:10)
  11 ogres
  5 centaurs
  A phantom (D:6)
  5 bullfrogs
  5 gnoll sergeants
  5 scorpions
  4 wights (D:10)
  9 killer bees
  7 howler monkeys
  15 electric eels
  A crimson imp (D:4)
  4 lava snakes (Lair:5)
  2 quasits (D:14)
  9 hounds
  13 orc priests
  2 iguanas
  17 orc wizards
  31 gnolls
  9 adders
  A shadow imp (D:7)
  4 white imps
  3 worms
  2 dart slugs
  49 orcs
  7 ball pythons
  8 endoplasms
  A giant cockroach (D:1)
  13 goblins
  12 hobgoblins
  3 jackals (D:4)
  8 kobolds
  3 quokkas
  3 bats
  4 frilled lizards
  2 goblin skeletons (D:4)
  A goblin zombie (D:4)
  3 hobgoblin zombies (D:4)
  2 kobold zombies (D:4)
  An orc skeleton (D:4)
  10 rats
563 creatures vanquished.

Vanquished Creatures (collateral kills)
  A slime creature (D:13)
  A blink frog (Lair:5)
  A yak (Lair:3)
3 creatures vanquished.

Vanquished Creatures (others)
  2 fungi
  21 plants
  3 withered plants (D:15)
26 creatures vanquished.

Grand Total: 592 creatures vanquished

Notes
Turn   | Place    | Note
-------+----------+-------------------------------------------
     0 | D:1      | IdlyInterested the Demonspawn Gladiator began the quest for
                  | the Orb.
     0 | D:1      | Reached XP level 1. HP: 16/16 MP: 1/1
   250 | D:1      | Gained mutation: Spells you cast may paralyse adjacent
                  | enemies. [demonic ancestry]
   250 | D:1      | Reached XP level 2. HP: 22/22 MP: 2/2
   437 | D:1      | Found a faded altar of an unknown god.
   583 | D:1      | Reached skill level 3 in Long Blades
   750 | D:1      | Reached skill level 1 in Stealth
  1188 | D:2      | Found Buxtoqaes's Antique Weapon Emporium.
  1270 | D:2      | Reached XP level 3. HP: 22/27 MP: 3/3
  2503 | D:3      | Identified a scroll of acquirement
  2503 | D:3      | Acquired the ring of Curiosity {rCorr Dex+6 Stlth+}
  2602 | D:3      | Reached skill level 1 in Armour
  2623 | D:3      | Reached XP level 4. HP: 33/33 MP: 4/4
  2720 | D:3      | Reached skill level 1 in Evocations
  3086 | D:3      | Found a basalt altar of Yredelemnul.
  3557 | D:3      | Gained mutation: Your touch may inflict minor irresistible
                  | damage on your foes. [demonic ancestry]
  3557 | D:3      | Reached XP level 5. HP: 35/38 MP: 5/5
  3984 | D:4      | Found a stormy altar of Qazlal.
  4058 | D:4      | Reached skill level 4 in Long Blades
  4058 | D:4      | Reached skill level 1 in Unarmed Combat
  4168 | D:4      | Gained mutation: You are partially covered in molten
                  | scales. (AC +2) [demonic ancestry]
  4168 | D:4      | Reached XP level 6. HP: 42/44 MP: 6/6
  4220 | D:4      | Found a radiant altar of Vehumet.
  4236 | D:4      | Found a staircase to the Ecumenical Temple.
  4292 | Temple   | Entered the Ecumenical Temple
  4705 | D:5      | Entered Level 5 of the Dungeon
  4708 | D:5      | Noticed an ice beast
  4725 | D:5      | Killed an ice beast
  4726 | D:5      | Reached skill level 5 in Long Blades
  4726 | D:5      | Gained mutation: Your touch may inflict irresistible damage
                  | on your foes. [demonic ancestry]
  4726 | D:5      | Reached XP level 7. HP: 45/54 MP: 7/7
  4827 | D:2      | Bought an encrusted scimitar for 162 gold pieces
  4827 | D:2      | Identified the +10 scimitar "Deunlu Rol" {speed, Dex+6}
                  | (You bought it in a shop on level 2 of the Dungeon)
  5176 | D:5      | Reached skill level 6 in Long Blades
  5349 | D:5      | Reached XP level 8. HP: 46/60 MP: 8/8
  6193 | D:6      | Found Baucosos's Antique Armour Emporium.
  6407 | D:6      | Found Epra's Distillery.
  6420 | D:6      | Found Axzeocum's Antique Armour Shoppe.
  6447 | D:6      | Reached skill level 7 in Long Blades
  6896 | D:7      | Found a broken altar of Ashenzari.
  6897 | D:7      | Found an ornate altar of the Wu Jian Council.
  7161 | D:7      | Reached skill level 8 in Long Blades
  7244 | D:7      | Found an iron altar of Okawaru.
  7444 | D:7      | Noticed a two-headed ogre
  7450 | D:7      | Killed a two-headed ogre
  7451 | D:7      | Reached skill level 9 in Long Blades
  7451 | D:7      | Reached XP level 9. HP: 24/65 MP: 9/9
  7613 | D:7      | Noticed a troll
  7615 | D:7      | Noticed a boulder beetle
  7632 | D:7      | Killed a boulder beetle
  7633 | D:7      | Reached skill level 10 in Long Blades
  7642 | D:7      | Killed a troll
  7643 | D:7      | Reached skill level 11 in Long Blades
  8036 | D:8      | Gained mutation: Spells you cast may paralyse nearby
                  | enemies. [demonic ancestry]
  8036 | D:8      | Reached XP level 10. HP: 71/71 MP: 10/10
  8036 | D:8      | Noticed Pikel
  8040 | D:8      | Noticed Psyche
  8041 | D:8      | Noticed Prince Ribbit
  8044 | D:8      | Killed Pikel
  8046 | D:8      | Killed Psyche
  8057 | D:8      | Reached skill level 12 in Long Blades
  8068 | D:8      | Killed Prince Ribbit
  8217 | D:8      | Found a sparkling altar of Nemelex Xobeh.
  8690 | D:9      | Found a flagged portal.
  8696 | D:9      | Reached skill level 5 in Fighting
  8710 | Bailey   | Entered a bailey
  8881 | Bailey   | Noticed an orc knight
  8899 | Bailey   | Killed an orc knight
  9312 | Bailey   | Found an iron altar of Okawaru.
  9314 | Bailey   | Noticed an orc high priest
  9319 | Bailey   | Noticed a smoke demon
  9322 | Bailey   | Killed an orc high priest
  9323 | Bailey   | Reached skill level 5 in Dodging
  9370 | Bailey   | Identified the +1 chain mail of Beogh's Inspiration {Int+4
                  | Dex+6}
  9425 | Bailey   | Got the Codex of Ill-fated Cleavage
  9439 | Bailey   | Identified the +6 long sword "Qugan" {elec, Will+ Str+3
                  | Dex+3}
  9680 | D:6      | Bought a glimmering scale mail for 216 gold pieces
  9680 | D:6      | Identified the +3 scale mail of an ice cave {rC+ rCorr}
                  | (You bought it in a shop on level 6 of the Dungeon)
  9821 | D:9      | Gained mutation: A weak demonic guardian rushes to your
                  | aid. [demonic ancestry]
  9821 | D:9      | Reached XP level 11. HP: 81/81 MP: 11/11
 10034 | D:9      | Noticed a two-headed ogre
 10045 | D:9      | Killed a two-headed ogre
 10070 | D:9      | Reached skill level 13 in Long Blades
 10761 | D:2      | Bought a runed short sword for 108 gold pieces
 10956 | D:9      | Gained mutation: Your body sometimes deteriorates upon
                  | taking damage. [potion of mutation]
 10956 | D:9      | Gained mutation: Your flesh is cold resistant. (rC+)
                  | [potion of mutation]
 11011 | D:10     | Entered Level 10 of the Dungeon
 11249 | D:10     | Found a staircase to the Lair.
 11526 | D:10     | Found a shimmering blue altar of Sif Muna.
 11717 | D:10     | Found a blossoming altar of Fedhas.
 11718 | D:10     | Found a bloodstained altar of Trog.
 12078 | D:10     | Found a staircase to the Orcish Mines.
 12632 | D:11     | Identified the +0 scale mail of Nepne {rF+}
 12802 | D:11     | Found an opulent altar of Gozag.
 12907 | D:11     | Noticed a two-headed ogre
 12920 | D:11     | Killed a two-headed ogre
 12921 | D:11     | Reached skill level 5 in Unarmed Combat
 12921 | D:11     | Reached XP level 12. HP: 92/92 MP: 12/12
 13481 | D:12     | Noticed a boulder beetle
 13501 | D:12     | Killed a boulder beetle
 13502 | D:12     | Reached skill level 14 in Long Blades
 13534 | D:12     | Noticed patfeehan111222's ghost (journeyman MiBe)
 13537 | D:12     | Found a runed translucent door.
 13602 | D:12     | Reached skill level 1 in Short Blades
 13663 | D:12     | Noticed Nergalle
 13670 | D:12     | Noticed Fannar
 13675 | D:12     | Killed Nergalle
 13691 | D:12     | Killed Fannar
 13822 | D:12     | Noticed Urug
 13838 | D:12     | Killed Urug
 13963 | D:12     | Noticed a boulder beetle
 13974 | D:12     | Killed a boulder beetle
 14148 | D:12     | Reached skill level 5 in Short Blades
 14314 | D:12     | Killed patfeehan111222's ghost
 14592 | D:6      | Bought a shiny orb for 288 gold pieces
 14842 | D:13     | Noticed Rupert
 14860 | D:13     | Killed Rupert
 15122 | D:13     | Reached XP level 13. HP: 97/98 MP: 13/13
 15454 | D:13     | Reached skill level 5 in Stealth
 15610 | D:13     | Found a gate to the Vaults.
 16001 | D:14     | Noticed Azrael
 16012 | D:14     | Killed Azrael
 16176 | D:14     | Found a transporter.
 16181 | D:14     | Noticed Uummannaq's ghost (journeyman MiFi)
 16513 | D:14     | Found a transporter.
 16545 | D:14     | Reached skill level 5 in Evocations
 16666 | D:14     | Noticed Lodul
 16688 | D:14     | Killed Lodul
 17041 | D:14     | Killed Uummannaq's ghost
 17046 | D:14     | Gained mutation: You are occasionally teleported next to
                  | monsters. [a neqoxec]
 17070 | D:14     | Got the ring "Gunux" {rN+ Int+6 Dex+3}
 17185 | D:15     | Entered Level 15 of the Dungeon
 17302 | D:15     | Found Keresaspa's Dragon-Slaying Spoils.
 17454 | D:15     | Found Geloxumn's Magic Scroll Shop.
 17576 | D:15     | Lost mutation: Your body sometimes deteriorates upon taking
                  | damage. [potion of mutation]
 17576 | D:15     | Lost mutation: You are occasionally teleported next to
                  | monsters. [potion of mutation]
 17576 | D:15     | Lost mutation: Your flesh is cold resistant. (rC+) [potion
                  | of mutation]
 17576 | D:15     | Gained mutation: Your system is resistant to poisons.
                  | (rPois) [potion of mutation]
 17576 | D:15     | Gained mutation: A frigid envelope surrounds you and
                  | freezes all who hurt you. [potion of mutation]
 17576 | D:15     | Gained mutation: You passively map a small area around you.
                  | [potion of mutation]
 17576 | D:15     | Gained mutation: Your mind is acute. (Int +4, Str/Dex -1)
                  | [potion of mutation]
 17586 | D:15     | Found a staircase to the Depths.
 17964 | D:15     | Reached skill level 1 in Spellcasting
 18456 | Lair:1   | Entered Level 1 of the Lair of Beasts
 18498 | Lair:1   | Gained mutation: A demonic guardian rushes to your aid.
                  | [demonic ancestry]
 18498 | Lair:1   | Reached XP level 14. HP: 105/105 MP: 16/16
 19381 | Lair:2   | Noticed Sonja
 19387 | Lair:2   | Killed Sonja
 19431 | Lair:2   | Reached skill level 10 in Short Blades
 19803 | Lair:2   | Noticed Maggie
 19811 | Lair:2   | Killed Maggie
 19932 | Lair:2   | Noticed Gastronok
 19946 | Lair:2   | Killed Gastronok
 20545 | Lair:3   | Found a staircase to the Snake Pit.
 20749 | Lair:3   | Reached skill level 5 in Spellcasting
 20796 | Lair:3   | Found a staircase to the Swamp.
 21102 | Lair:3   | Acquired a manual of Fighting
 21104 | Lair:3   | Acquired 1005 gold pieces
 21592 | Lair:4   | Found a viscous altar of Jiyva.
 21592 | Lair:4   | Found a staircase to the Slime Pits.
 21713 | Lair:4   | Found a blossoming altar of Fedhas.
 22417 | Lair:5   | Entered Level 5 of the Lair of Beasts
 22476 | Lair:5   | Found a dark tunnel.
 22500 | Volcano  | Entered a volcano
 22541 | Volcano  | Identified the +3 pair of boots "Ruahaple" {rCorr Str+3
                  | Int-2}
 22799 | Lair:5   | Found a runed translucent gate.
 22799 | Lair:5   | Found a runed translucent gate.
 22799 | Lair:5   | Found a runed translucent gate.
 22854 | Lair:5   | Reached skill level 10 in Fighting
 23164 | Lair:5   | Killed from afar by a lindwurm

Illustrated notes

Levels and vault maps discovered:
D:1:      minmay_arrival_four_loops, layout_loops_corners,
          chequers_ecumenical_altar_lobes, minmay_pentomino_r4
D:2:      layout_basic, serial_shops, shop
D:3:      layout_basic, yredelemnul_altar_generic, minivault_4
D:4:      layout_cave_pools, mainiacjoe_overflow_alcove_2,
          nicolae_tso_besieged_by_evil, mainiacjoe_overflow_tiny_flanked,
          minmay_temple_entry_crystal_x, st_stairs_4
D:5:      layout_loops_cross
D:6:      layout_loops_ring, serial_shops, nicolae_shop_stone,
          nicolae_shop_waterfront, nicolae_diamond_shop, wad_floor_pattern_1,
          chequers_serial_rivers_room_a, grunt_decor_resistance
D:7:      minmay_slanted_spiral_squares, layout_rooms,
          okawaru_ov_weapons_minmay, chequers_temple_overflow_statue_of_worship,
          grunt_decor_arrowhead
D:8:      layout_cave_pools, nemelex_xobeh_ov_fountains_minmay,
          hangedman_decor_opposing, chequers_avenue, grunt_ministairs_13,
          uniq_psyche, uniq_pikel, uniq_prince_ribbit1
D:9:      layout_roguey, enter_bailey_4
D:10:     layout_basic, nicolae_sif_muna_condensation, nicolae_overflow_squiral,
          erik_lair_island, erik_orc_2
D:11:     layout_basic, nicolae_gozag_seed_capital
D:12:     layout_big_octagon, hellmonk_ghost_happy_afterlife, uniq_fannar,
          uniq_urug, uniq_nergalle
D:13:     lemuel_ice_statue, layout_basic, david_vaults_1, uniq_rupert
D:14:     layout_cave_pools, gammafunk_ghost_stat_death, uniq_lodul, uniq_azrael
D:15:     gammafunk_depths_entry_grave, layout_loops_cross, serial_shops,
          nicolae_square_shop, chequers_serial_rivers_micro_a,
          nicolae_shop_dragon_depot
Temple:   nicolae_temple_two_arcs
Lair:1:   layout_gridlike, serial_bayou_shore_a
Lair:2:   layout_regular_city, beast_lair_carwin_9, uniq_sonja, uniq_gastronok,
          uniq_maggie
Lair:3:   dreamdust_cave_troll, layout_gridlike, minmay_swamp_entry_worms,
          dummy_snake_entry, amcnicky_mini_pool_medium, grunt_megastairs_3
Lair:4:   hellmonk_ruined_rings, layout_regular_city, slime_entry_1,
          basic_altar, infiniplex_staircase_pool_2
Lair:5:   cheibrodos_lair_end_hotspot, layout_long_grid, enter_volcano_1,
          gammafunk_ghost_cemetery, grunt_forest_small_clearings

Skill      XL: |  1  2  3  4  5  6  7  8  9 10 11 12 13 14 |
---------------+-------------------------------------------+-----
Dodging        | 3 4 5 6 8 |  8.0
Throwing       | 2 4 |  4.0
Long Blades    | 3 4 5 6 9 11 12 13 14 | 14.0
Stealth        | 1 2 3 4 6 |  6.0
Armour         | 1 2 4 |  4.0
Evocations     | 2 3 4 6 |  6.0
Unarmed Combat | 2 3 4 5 6 7 |  7.0
Fighting       | 4 6 8 10 | 10.0
Short Blades   | 6 9 11 | 11.8
Spellcasting   | 1 6 |  6.0

Action                     |  1- 3 |  4- 6 |  7- 9 | 10-12 | 13-15 || total
---------------------------+-------+-------+-------+-------+-------++-------
  Melee: Long sword        |   112 |   117 |     4 |       |       ||   233
         Dagger            |       |     1 |       |       |       ||     1
         Touch             |       |    13 |    13 |    92 |   131 ||   249
         Punch             |       |     2 |     3 |    24 |    28 ||    57
         Scimitar          |       |       |    82 |   458 |   546 ||  1086
  Throw: Stone             |     1 |    50 |    14 |    29 |       ||    94
         Dart              |       |     3 |    24 |    11 |       ||    38
         Boomerang         |       |    13 |    27 |    64 |    39 ||   143
         Javelin           |       |     3 |     3 |     1 |       ||     7
  Evoke: Wand              |       |       |       |    19 |    17 ||    36
    Use: Scroll            |     9 |     1 |     4 |     9 |     6 ||    29
         Potion            |     1 |       |     7 |     5 |     8 ||    21
   Stab: Sleeping          |     8 |     6 |     8 |    10 |    14 ||    46
         Distracted        |       |       |     1 |     2 |     3 ||     6
 Armour: Leather armour    |    26 |     7 |       |       |       ||    33
         Scale mail        |       |    30 |    10 |    50 |     6 ||    96
         Robe              |       |       |    11 |       |       ||    11
         Troll leather arm |       |       |       |    12 |       ||    12
         Ring mail         |       |       |       |     3 |    78 ||    81
         Chain mail        |       |       |       |     1 |     1 ||     2
  Dodge: Dodged            |    63 |    54 |    51 |   164 |   240 ||   572
  Block: Other             |       |       |       |       |    73 ||    73
         Reflection        |       |       |       |       |     3 ||     3

Table legend: (Time is in decaauts)
 A = Elapsed time spent in this place.
 B = Non-inter-level travel time spent in this place.
 C = Inter-level travel time spent in this place.
 D = Time resting spent in this place.
 E = Time spent auto-exploring this place.
 F = Levels seen in this place.
 G = Mean time per level.
                   A        B        C        D        E       F      G
               +--------+--------+--------+--------+--------+-----+--------+
         Total |  22737 |  18931 |   3806 |   3897 |   9452 |  23 |  988.6 |
       Dungeon |  17249 |  13922 |   3327 |   3247 |   6734 |  15 | 1149.9 |
        Temple |    120 |    114 |      6 |      0 |    100 |   1 |  120.0 |
          Lair |   4298 |   3826 |    472 |    416 |   2514 |   5 |  859.6 |
        Bailey |    814 |    814 |      0 |    213 |     37 |   1 |  814.0 |
       Volcano |    255 |    255 |      0 |     21 |     67 |   1 |  255.0 |
               +--------+--------+--------+--------+--------+-----+--------+

Top non-repeatable levels by time:
     D:2: 1717 daAuts
    D:10: 1461 daAuts
     D:3: 1411 daAuts
     D:6: 1362 daAuts
    D:13: 1270 daAuts
  Lair:3: 1223 daAuts
  Lair:2: 1178 daAuts
     D:1: 1135 daAuts
    D:14: 1129 daAuts
     D:7: 1126 daAuts
    D:12: 1120 daAuts
     D:9: 1112 daAuts
    D:15: 1060 daAuts
  Lair:4: 907 daAuts
     D:8: 903 daAuts
